 Dungeon Crawl Stone Soup version 0.29-a0-1008-g949cc1d0fb (webtiles) character file.

Game seed: 10922047273152340178

1988 Klosterheim the Grappler (level 9, -3/84 HPs)
             Began as a Troll Berserker on Aug 7, 2022.
             Was an Elder of Trog.
             Succumbed to a hornet's poison
             ... on level 8 of the Dungeon.
             The game lasted 00:09:26 (6461 turns).

Klosterheim the Grappler (Troll Berserker)          Turns: 6461, Time: 00:09:27

Health: -3/84      AC: 11    Str: 31    XL:     9   Next: 1%
Magic:  9/9        EV: 17    Int:  3    God:    Trog [****..]
Gold:   521        SH:  0    Dex:  9    Spells: 8/8 levels left

rFire   x . .      SeeInvis .     - Unarmed
rCold   + + .      Faith    +   (no shield)
rNeg    . . .      Spirit   .   F - +0 ice dragon scales
rPois   .          Reflect  .   (helmet restricted)
rElec   .          Harm     .   (no cloak)
rCorr   .          Rampage  .   (gloves unavailable)
Will    .....                   (boots unavailable)
Stlth   ..........              e - amulet of faith
HPRegen 1.04/turn               r - +4 ring of evasion
MPRegen 0.11/turn               t - +4 ring of evasion

@: lethally poisoned (-3 -> -20), slowed, very slow
A: large, unfitting armour, claws 3, regeneration 1, shaggy fur 1, tough skin 1
a: Renounce Religion, Berserk, Trog's Hand, Brothers in Arms


You were on level 8 of the Dungeon.
You worshipped Trog.
Trog was greatly pleased with you.
You visited 1 branch of the dungeon, and saw 8 of its levels.

You collected 521 gold pieces.

Inventory:

Missiles
 A - a throwing net (quivered)
Armour
 F - +0 ice dragon scales (worn)
Jewellery
 e - an amulet of faith (around neck)
 r - a +4 ring of evasion (left claw)
 t - a +4 ring of evasion (right claw)
Wands
 a - a wand of charming (8)
 C - a wand of roots (13)
Scrolls
 c - a scroll of magic mapping {unknown}
 d - 2 scrolls of fear {unknown}
 h - 2 scrolls of vulnerability
 j - 4 scrolls of butterflies
 k - 3 scrolls of immolation
 l - a scroll of enchant armour {unknown}
 n - a scroll of enchant weapon {unknown}
 w - a scroll of brand weapon {unknown}
 x - 2 scrolls of noise {unknown}
 y - 5 scrolls of teleportation {unknown}
 B - a scroll of blinking {unknown}
 D - 2 scrolls of amnesia {unknown}
 E - a scroll of identify
Potions
 b - a potion of resistance {unknown}
 f - 2 potions of attraction {unknown}
 g - a potion of invisibility {unknown}
 i - 2 potions of heal wounds
 m - 4 potions of curing {unknown}
 o - 3 potions of brilliance {unknown}
 p - a potion of haste {unknown}
 q - a potion of berserk rage {unknown}
 s - a potion of flight {unknown}
 u - a potion of mutation {unknown}
 v - 2 potions of cancellation {unknown}
 z - 2 potions of lignification {unknown}


   Skills:
 + Level 4.0 Fighting
 * Level 1.4 Armour
 + Level 4.1 Dodging
 + Level 10.3 Unarmed Combat
 + Level 2.0 Invocations


You had 8 spell levels left.
You didn't know any spells.
Your spell library was empty.

Dungeon Overview and Level Annotations

Branches:
Dungeon (8/15)             Temple (0/1) D:6
   Lair: D:8-11

Altars:
Qazlal
Ru


Innate Abilities, Weirdness & Mutations

You are too large for most types of armour.
You have claws for hands.
Your natural rate of healing is unusually fast.
You are covered in fur. (AC +1)
You have tough skin. (AC +1)


Message History

The hornet stings you.
* * * LOW HITPOINT WARNING * * *
You feel as though you will be slow longer.
The wyvern bites you.
* * * LOW HITPOINT WARNING * * *
Something bites your butterfly.
Your butterfly dies!
Your butterfly disappears in a burst of colours!
You can move again.
Unknown command.
You feel much better.
You feel sick.
The hornet stings you but does no damage.
The wyvern bites you. The wyvern misses you. The hornet misses you.
You closely miss the hornet.
The hornet is lightly wounded.
You feel sick. The hornet misses you. The wyvern misses you.
The hornet stings you.
You are more poisoned.
You feel as though you will be slow longer.
The wyvern bites you.
You miss the hornet.
The hornet is lightly wounded.
You feel very sick. The hornet stings you.
You are more poisoned.
You feel as though you will be slow longer.
The wyvern closely misses you. The hornet stings you!
* * * LOW HITPOINT WARNING * * *
You are lethally poisoned!
You feel as though you will be slow longer.
The wyvern bites you but does no damage.
You miss the hornet.
The hornet is lightly wounded.
* * * LOW HITPOINT WARNING * * *
You feel extremely sick. The hornet misses you. The wyvern bites you!
* * * LOW HITPOINT WARNING * * *
You closely miss the hornet. Your claw misses the hornet.
The hornet is lightly wounded.
You die...

...............
#...............#
#...............# #....
................# .....
.........bb....## #.....
................# #......
..............l.# $......
.............@yD##..b....
.............##b.b.......
######..######.bbb......
#.†## ##......... ##..#
#.b.......
##..#########......"..
###..........###........
#............###........
##......†.....###.......


You could see a hornet (ally target), a steam dragon and a wyvern.

Vanquished Creatures
  2 steam dragons (D:8)
  2 ice beasts
  2 ogres (D:5)
  A centaur (D:7)
  2 bullfrogs
  The ghost of MirrMurr the Caller, an amateur FeSu of Gozag (D:3)
  4 scorpions
  6 hounds
  3 jellies
  5 iguanas
  Natasha (thrice) (D:3)
  3 orc wizards
  14 gnolls
  10 adders
  A shadow imp (D:3)
  A white imp (D:6)
  An ufetubus (D:7)
  3 dart slugs
  20 orcs
  4 bats
  6 endoplasms
  A giant cockroach (D:3)
  4 goblins
  6 hobgoblins
  5 jackals
  5 kobolds
  2 quokkas
  5 ball pythons
  2 frilled lizards (D:1)
  2 rats
126 creatures vanquished.

Vanquished Creatures (others)
  A white imp (D:6)
  3 plants (D:2)
4 creatures vanquished.

Grand Total: 130 creatures vanquished

Notes
Turn   | Place    | Note
-------+----------+-------------------------------------------
     0 | D:1      | Klosterheim the Troll Berserker began the quest for the
                  | Orb.
     0 | D:1      | Reached XP level 1. HP: 22/22 MP: 0/0
   194 | D:1      | Found a faded altar of an unknown god.
   345 | D:1      | Reached XP level 2. HP: 29/29 MP: 1/1
   764 | D:2      | Reached XP level 3. HP: 36/36 MP: 2/2
   766 | D:2      | Reached ** piety under Trog
  1128 | D:2      | Reached skill level 4 in Unarmed Combat
  1384 | D:3      | Noticed Natasha
  1387 | D:3      | Killed Natasha
  1388 | D:3      | Reached XP level 4. HP: 45/45 MP: 3/3
  1506 | D:3      | Noticed Natasha
  1507 | D:3      | Identified the +1 ring mail "Samamecs" {rF+}
  1508 | D:3      | Noticed a scorpion
  1512 | D:3      | Killed Natasha
  1516 | D:3      | Killed a scorpion
  1517 | D:3      | Reached skill level 5 in Unarmed Combat
  1517 | D:3      | Reached XP level 5. HP: 19/53 MP: 4/4
  1546 | D:3      | Noticed Natasha
  1612 | D:3      | Found a runed translucent door.
  1658 | D:3      | Killed Natasha
  1839 | D:3      | You fall into a shaft and drop 2 floors!
  1839 | D:5      | Entered Level 5 of the Dungeon
  1868 | D:5      | Reached skill level 6 in Unarmed Combat
  1868 | D:5      | Reached XP level 6. HP: 61/61 MP: 5/5
  1974 | D:5      | Reached *** piety under Trog
  2090 | D:5      | Reached skill level 7 in Unarmed Combat
  2110 | D:5      | Reached XP level 7. HP: 28/67 MP: 6/6
  2393 | D:3      | Noticed MirrMurr's ghost (amateur FeSu)
  2404 | D:3      | Killed MirrMurr's ghost
  2405 | D:3      | Reached skill level 8 in Unarmed Combat
  3426 | D:4      | Reached skill level 9 in Unarmed Combat
  3572 | D:4      | Reached **** piety under Trog
  4285 | D:5      | Reached XP level 8. HP: 75/75 MP: 7/7
  4717 | D:6      | Reached skill level 10 in Unarmed Combat
  4840 | D:6      | Found a staircase to the Ecumenical Temple.
  4889 | D:6      | Found a stormy altar of Qazlal.
  4927 | D:6      | Reached ***** piety under Trog
  4963 | D:6      | Identified the +3 chain mail of Optimism {Harm rElec rPois
                  | rCorr}
  5042 | D:6      | Found a sacrificial altar of Ru.
  5572 | D:7      | Reached skill level 1 in Invocations
  6361 | D:8      | Reached skill level 1 in Armour
  6373 | D:8      | Reached XP level 9. HP: 29/84 MP: 9/9
  6456 | D:8      | Paralysed by a hornet for 1 turns
  6460 | D:8      | HP: 2/84 [wyvern (10)]
  6461 | D:8      | Succumbed to a hornet's poison

Illustrated notes

Levels and vault maps discovered:
D:1:      onia_arrival_mini_spirals, layout_basic,
          nicolae_ecumenical_lake_church, minmay_misc_feat_tiny
D:2:      layout_basic, serial_bayou, serial_bayou_lagoon_a,
          serial_bayou_pond_b, serial_bayou_pond_e, serial_bayou_pond_c
D:3:      layout_rooms, ebering_ghost_reflecting_pool, uniq_natasha
D:4:      layout_gridville
D:5:      layout_loops_cross, amethyst_killhole, nrook_campfire
D:6:      layout_rooms, grunt_qazlal_clouds, nicolae_ru_path_of_blood,
          lemuel_temple_firewalk_a, roderic_serpentine_path
D:7:      layout_basic
D:8:      layout_cave_pods, serial_shops, shop

Skill      XL: |  1  2  3  4  5  6  7  8 |
---------------+-------------------------+-----
Unarmed Combat | 4 5 6 7 9 10 | 10.3
Fighting       | 3 4 |  4.0
Dodging        | 3 4 |  4.1
Invocations    | 2 |  2.0
Armour         | 1 |  1.4

Action                   |  1- 3 |  4- 6 |  7- 9 || total
-------------------------+-------+-------+-------++-------
Melee: Unarmed           |    89 |    73 |   211 ||   373
       Punch             |     1 |     2 |     9 ||    12
Invok: Berserk           |     1 |     1 |     2 ||     4
       Trog's Hand       |       |     1 |       ||     1
  Use: Scroll            |       |     3 |     2 ||     5
       Potion            |       |       |     2 ||     2
 Stab: Sleeping          |       |     1 |       ||     1
Armor: Animal skin       |    44 |    14 |    21 ||    79
       Ice dragon scales |       |       |    12 ||    12
Dodge: Dodged            |    67 |    41 |   149 ||   257

Table legend: (Time is in decaauts)
 A = Elapsed time spent in this place.
 B = Non-inter-level travel time spent in this place.
 C = Inter-level travel time spent in this place.
 D = Time resting spent in this place.
 E = Time spent auto-exploring this place.
 F = Levels seen in this place.
 G = Mean time per level.
                   A        B        C        D        E       F      G
               +--------+--------+--------+--------+--------+-----+--------+
         Total |   6480 |   6142 |    338 |    655 |   4633 |   8 |  810.0 |
       Dungeon |   6480 |   6142 |    338 |    655 |   4633 |   8 |  810.0 |
               +--------+--------+--------+--------+--------+-----+--------+

Top non-repeatable levels by time:
     D:3: 1404 daAuts
     D:4: 1017 daAuts
     D:5: 820 daAuts
     D:6: 820 daAuts
     D:2: 728 daAuts
     D:1: 678 daAuts
     D:7: 666 daAuts
     D:8: 344 daAuts
